 Dungeon Crawl Stone Soup version 0.31-a0-175-g9f7f995f2b (webtiles) character file.

Game seed: 889437151637286494

833 qw the Skirmisher (level 7, -2/64 HPs)
             Began as a Naga Hunter on June 17, 2023.
             Slain by a gnoll sergeant
             ... wielding a +0 heavy spear
              (13 damage)
             ... on level 5 of the Dungeon.
             The game lasted 00:01:23 (4067 turns).

qw the Skirmisher (Naga Hunter)                     Turns: 4067, Time: 00:01:24

Health: -2/64      AC:  8    Str: 14      XL:     7   Next: 98%
Magic:  7/7        EV:  9    Int:  9      God:
Gold:   3          SH:  0    Dex: 14 (16) Spells: 6/6 levels left

rFire   . . .        b - +2 longbow (flame)
rCold   . . .        (shield currently unavailable)
rNeg    . . .        c - +0 leather armour
rPois   +            (no helmet)
rElec   .            (no cloak)
rCorr   .            h - +0 pair of gloves
SInv    +            (no barding)
Will    +....        d - amulet of the acrobat
Stlth   ++           g - ring of willpower
HPRegen 0.30/turn    m - +4 ring of protection
MPRegen 0.10/turn

%: acrobat
@: about to teleport, very slow
A: AC +2, large, see invisible, deformed body, poison resistance, slowness 2,
spit poison 1, naga tail 1, stinger 1
a: Spit Poison


You were on level 5 of the Dungeon.
You visited 1 branch of the dungeon, and saw 5 of its levels.

You collected 263 gold pieces.
You spent 260 gold pieces at shops.


Innate Abilities, Weirdness & Mutations

Your serpentine skin is tough. (AC +2)
You have supernaturally acute eyesight. (SInv)
Armour fits poorly on your strangely shaped body.
Your system is resistant to poisons. (rPois)
You cover ground very slowly.
You can spit poison.
You have a snake-like lower body.
Your tail ends in a venomous barb.


   Skills:
 - Level 4.2 Fighting
 - Level 8.0 Ranged Weapons
 + Level 1.8 Dodging
 - Level 1.5 Stealth


You had 6 spell levels left.
You didn't know any spells.
Your spell library was empty.

Inventory:

Hand Weapons
 b - a +2 longbow of flaming (weapon)
Armour
 c - a +0 leather armour (worn)
 h - a +0 pair of gloves (worn)
 i - the +1 ring mail "Ickuis" {Harm rF+ Str+5 Slay+2}
   (You found it on level 4 of the Dungeon)

   Str:       It affects your strength (+5).
   Slay:      It affects your accuracy & damage with ranged weapons and melee
   (+2).
   rF:        It protects you from fire.
   Harm:      It increases damage dealt and taken.
 q - a +1 leather armour of cold resistance
Jewellery
 d - an amulet of the acrobat (around neck)
 g - a ring of willpower (left hand)
 m - a +4 ring of protection (right hand)
Scrolls
 n - 3 scrolls of identify
Potions
 e - a potion of enlightenment {unknown}
 j - a potion of berserk rage {unknown}
 k - a potion of curing {unknown}
 l - a potion of heal wounds {unknown}
 o - a potion of brilliance {unknown}
 p - a potion of ambrosia {unknown}

Dungeon Overview and Level Annotations

Branches:
Dungeon (5/15)
 Temple: D:4-7

Altars:
Fedhas
Trog
Yredelemnul

Shops:
D:4 :   D:5 *(:

Annotations:
D:5 exclusion: 2 gnoll sergeants


Message History

Enter note:
Enter note:
Enter note:
Enter note:
Enter note:
Enter note:
4060 ||| DROPPING +3 ring mail of Alusm {Harm Drain Stlth+}.
You drop the +3 ring mail of Alusm {Harm Drain Stlth+}.
Enter note:
Enter note:
Enter note:
Enter note:
Enter note:
Enter note:
Enter note: You have got your breath back.
The gnoll sergeant closely misses you.
Enter note:
Enter note:
Enter note:
Enter note:
Enter note:
Enter note:
4062 ||| UPGRADING to +1 leather armour of cold resistance.
You start removing your armour.
You continue taking off your +0 leather armour.
The gnoll sergeant barely misses you.
You continue taking off your +0 leather armour.
The gnoll sergeant hits you from afar with a +0 heavy spear!
You stop removing your armour.
4065 ||| READING scroll of teleportation.
As you read the scroll of teleportation, it crumbles to dust.
You feel strangely unstable.
4066 ||| UPGRADING to +1 leather armour of cold resistance.
The gnoll sergeant hits you from afar with a +0 heavy spear.
You stop removing your armour.
4067 ||| UPGRADING to +1 leather armour of cold resistance.
The gnoll sergeant hits you from afar with a +0 heavy spear!
You stop removing your armour.
You die...

..# #.#####...#
..# ........ .##
#[..... .# #
#..... .####
#.###.).. ..#
....#######.......
..#
...............g.#
#.# #.#.########
#[# #.# ..#.# #@#
#.# ###.# #.# #.#
## #.# #.# #.# #.
##.## #.# ##.## #.
##...## #.#
##.#.## #.
#.#.#.##
#.###.###.## #.
.##.##(## #.##.##
##.# #. .#......#
###.##..###.## #.
.#..##..#
#...##.#.#.## #)


You could see a gnoll sergeant.

Vanquished Creatures
  Eustachio (D:4)
  A water moccasin (D:5)
  2 ogres (D:5)
  A scorpion (D:4)
  3 hounds (D:4)
  2 iguanas (D:4)
  2 orc wizards (D:5)
  4 adders (D:3)
  3 gnolls (D:5)
  An ufetubus (D:4)
  5 dart slugs
  4 orcs
  4 endoplasms
  3 giant cockroaches
  10 goblins
  5 hobgoblins
  6 jackals
  4 quokkas (D:3)
  7 ball pythons
  9 bats
  3 frilled lizards
  5 kobolds
  5 rats
90 creatures vanquished.

Notes
Turn   | Place    | Note
-------+----------+-------------------------------------------
     0 | D:1      | qw the Naga Hunter began the quest for the Orb.
     0 | D:1      | Reached XP level 1. HP: 19/19 MP: 1/1
     0 | D:1      | 0 ||| qw: Version: 0.3-a-2-g5ab2908
     0 | D:1      | 0 ||| qw: Game counter: 227
     0 | D:1      | 0 ||| qw: Always use a shield: true
     0 | D:1      | 0 ||| qw: God list: Okawaru
     0 | D:1      | 0 ||| qw: Allow faded altars: false
     0 | D:1      | 0 ||| qw: Do Orc after D:15 true
     0 | D:1      | 0 ||| qw: Do second Lair branch before Depths: true
     0 | D:1      | 0 ||| qw: Lair rune preference: random
     0 | D:1      | 0 ||| qw: Plans: Normal
     0 | D:1      | 0 ||| PLANNING D:1-11
   152 | D:1      | 152 ||| INVOKING Spit Poison.
   194 | D:1      | 194 ||| INVOKING Spit Poison.
   205 | D:1      | 205 ||| INVOKING Spit Poison.
   230 | D:1      | 230 ||| INVOKING Spit Poison.
   279 | D:1      | 279 ||| INVOKING Spit Poison.
   303 | D:1      | 303 ||| INVOKING Spit Poison.
   308 | D:1      | Reached skill level 4 in Ranged Weapons
   308 | D:1      | Reached XP level 2. HP: 21/26 MP: 2/2
   308 | D:1      | 308 ||| INVOKING Spit Poison.
   442 | D:1      | 442 ||| INVOKING Spit Poison.
   447 | D:1      | 447 ||| INVOKING Spit Poison.
   448 | D:1      | 448 ||| Stepping ~*~*~tactically~*~*~ (outnumbered).
   451 | D:1      | 451 ||| INVOKING Spit Poison.
   460 | D:1      | 460 ||| INVOKING Spit Poison.
   465 | D:1      | 465 ||| INVOKING Spit Poison.
   471 | D:1      | 471 ||| INVOKING Spit Poison.
   496 | D:1      | 496 ||| INVOKING Spit Poison.
   499 | D:1      | 499 ||| INVOKING Spit Poison.
   504 | D:1      | 504 ||| INVOKING Spit Poison.
   537 | D:1      | 537 ||| INVOKING Spit Poison.
   687 | D:1      | 687 ||| INVOKING Spit Poison.
   700 | D:1      | 700 ||| UPGRADING to +0 pair of gloves.
   705 | D:1      | 705 ||| READING scroll labelled YXOPRU BEUZUW.
   706 | D:1      | 706 ||| READING scroll labelled UPLIRPH JOER.
   707 | D:1      | 707 ||| READING scroll labelled RUARAM WYPORUU.
   708 | D:1      | 708 ||| READING scroll labelled QOZITOKIOV.
   709 | D:1      | 709 ||| DROPPING scroll of butterflies.
   815 | D:2      | 815 ||| INVOKING Spit Poison.
   819 | D:2      | Reached XP level 3. HP: 32/32 MP: 3/3
   963 | D:2      | 963 ||| INVOKING Spit Poison.
   972 | D:2      | 972 ||| INVOKING Spit Poison.
  1028 | D:2      | 1028 ||| INVOKING Spit Poison.
  1097 | D:2      | Found a faded altar of an unknown god.
  1098 | D:2      | 1098 ||| INVOKING Spit Poison.
  1140 | D:2      | 1140 ||| INVOKING Spit Poison.
  1144 | D:2      | 1144 ||| INVOKING Spit Poison.
  1231 | D:2      | 1231 ||| INVOKING Spit Poison.
  1594 | D:2      | 1594 ||| UPGRADING to ring of willpower.
  1595 | D:2      | 1595 ||| UPGRADING to +4 ring of protection.
  1596 | D:2      | 1596 ||| READING scroll labelled JIOKHLAU UCUCO.
  1597 | D:2      | 1597 ||| READING scroll labelled XYCWATH POASAL.
  1602 | D:2      | 1602 ||| READING scroll labelled KOSIFE LELIZA.
  1603 | D:2      | 1603 ||| DRINKING 2 fuming silvery potions.
  1631 | D:2      | 1631 ||| DROPPING potion of lignification.
  1704 | D:3      | 1704 ||| INVOKING Spit Poison.
  1718 | D:3      | 1718 ||| INVOKING Spit Poison.
  1790 | D:3      | 1790 ||| INVOKING Spit Poison.
  1795 | D:3      | 1795 ||| INVOKING Spit Poison.
  1798 | D:3      | 1798 ||| INVOKING Spit Poison.
  1803 | D:3      | Reached skill level 5 in Ranged Weapons
  1803 | D:3      | Reached XP level 4. HP: 39/39 MP: 4/4
  1840 | D:3      | 1840 ||| INVOKING Spit Poison.
  1846 | D:3      | 1846 ||| INVOKING Spit Poison.
  1864 | D:3      | 1864 ||| INVOKING Spit Poison.
  1871 | D:3      | Found a bloodstained altar of Trog.
  1887 | D:3      | 1887 ||| INVOKING Spit Poison.
  1917 | D:3      | 1917 ||| INVOKING Spit Poison.
  1935 | D:3      | 1935 ||| INVOKING Spit Poison.
  1941 | D:3      | Found a blossoming altar of Fedhas.
  1967 | D:3      | 1967 ||| INVOKING Spit Poison.
  1979 | D:3      | 1979 ||| INVOKING Spit Poison.
  1983 | D:3      | 1983 ||| INVOKING Spit Poison.
  1992 | D:3      | 1992 ||| INVOKING Spit Poison.
  1995 | D:3      | 1995 ||| INVOKING Spit Poison.
  2002 | D:3      | 2002 ||| INVOKING Spit Poison.
  2005 | D:3      | Reached skill level 3 in Fighting
  2005 | D:3      | 2005 ||| INVOKING Spit Poison.
  2087 | D:3      | 2087 ||| INVOKING Spit Poison.
  2306 | D:3      | 2306 ||| READING scroll of enchant weapon.
  2306 | D:3      | 2306 ||| ENCHANTING +1 shortbow.
  2398 | D:3      | 2398 ||| INVOKING Spit Poison.
  2482 | D:3      | 2482 ||| UPGRADING to amulet of the acrobat.
  2487 | D:3      | 2487 ||| READING scroll labelled WOUFYP FISM.
  2559 | D:3      | 2559 ||| DRINKING 2 dark potions.
  2560 | D:3      | 2560 ||| DROPPING potion of magic.
  2568 | D:4      | Found Xucem's Book Shoppe.
  2577 | D:4      | Noticed a scorpion
  2578 | D:4      | 2578 ||| INVOKING Spit Poison.
  2582 | D:4      | Killed a scorpion
  2583 | D:4      | Reached XP level 5. HP: 49/49 MP: 5/5
  2588 | D:4      | 2588 ||| INVOKING Spit Poison.
  2626 | D:4      | 2626 ||| INVOKING Spit Poison.
  2698 | D:4      | Found a basalt altar of Yredelemnul.
  2720 | D:4      | 2720 ||| INVOKING Spit Poison.
  2752 | D:4      | Noticed Eustachio
  2754 | D:4      | 2754 ||| INVOKING Spit Poison.
  2761 | D:4      | 2761 ||| INVOKING Spit Poison.
  2768 | D:4      | 2768 ||| INVOKING Spit Poison.
  2769 | D:4      | 2769 ||| INVOKING Spit Poison.
  2774 | D:4      | 2774 ||| INVOKING Spit Poison.
  2774 | D:4      | Killed Eustachio
  2775 | D:4      | Reached skill level 6 in Ranged Weapons
  2775 | D:4      | Reached XP level 6. HP: 39/56 MP: 6/6
  2923 | D:4      | Identified the +1 ring mail "Ickuis" {Harm rF+ Str+5
                  | Slay+2}
  2965 | D:4      | 2965 ||| INVOKING Spit Poison.
  3081 | D:4      | 3081 ||| INVOKING Spit Poison.
  3121 | D:4      | 3121 ||| INVOKING Spit Poison.
  3160 | D:4      | 3160 ||| INVOKING Spit Poison.
  3172 | D:4      | 3172 ||| INVOKING Spit Poison.
  3175 | D:4      | Reached XP level 7. HP: 63/63 MP: 7/7
  3224 | D:4      | 3224 ||| INVOKING Spit Poison.
  3250 | D:4      | 3250 ||| READING 2 scrolls labelled FOYKEE RIOHA.
  3277 | D:4      | 3277 ||| DRINKING 2 metallic cyan potions.
  3290 | D:4      | 3290 ||| DRINKING 2 inky potions.
  3290 | D:4      | Gained mutation: You are frail. (-10% HP) [potion of
                  | mutation]
  3290 | D:4      | Gained mutation: You do not regenerate when monsters are
                  | visible. [potion of mutation]
  3290 | D:4      | Gained mutation: You are agile. (Dex +4, Str/Int -1)
                  | [potion of mutation]
  3291 | D:4      | 3291 ||| DRINKING potion of mutation.
  3291 | D:4      | Lost mutation: You are frail. (-10% HP) [potion of
                  | mutation]
  3291 | D:4      | Lost mutation: You are agile. (Dex +4, Str/Int -1) [potion
                  | of mutation]
  3291 | D:4      | Lost mutation: You do not regenerate when monsters are
                  | visible. [potion of mutation]
  3291 | D:4      | Gained mutation: Your tail ends in a venomous barb. [potion
                  | of mutation]
  3313 | D:4      | 3313 ||| DROPPING potion of degeneration.
  3314 | D:4      | 3314 ||| DROPPING scroll of fog.
  3339 | D:5      | Entered Level 5 of the Dungeon
  3373 | D:5      | 3373 ||| SWAPPING to +0 arbalest.
  3374 | D:5      | 3374 ||| INVOKING Spit Poison.
  3379 | D:5      | Reached skill level 7 in Ranged Weapons
  3429 | D:5      | 3429 ||| DROPPING +2 shortbow.
  3484 | D:5      | Found Ubene's Weapon Shoppe.
  3490 | D:5      | 3490 ||| BUYING +2 longbow of flaming (260 gold).
  3490 | D:5      | Bought a +2 longbow of flaming for 260 gold pieces
  3490 | D:5      | 3490 ||| SWAPPING to +2 longbow of flaming.
  3491 | D:5      | 3491 ||| DROPPING +0 arbalest.
  3500 | D:5      | Found Haffemn's Assorted Antiques.
  3509 | D:5      | 3509 ||| SHOPLISTING potion of mutation (264 gold, have 3).
  3509 | D:5      | 3509 ||| SHOPLISTING tiny bronze amulet (165 gold, have 3).
  3519 | D:5      | Identified the +3 ring mail of Alusm {Harm Drain Stlth+}
  3594 | D:5      | 3594 ||| INVOKING Spit Poison.
  3598 | D:5      | 3598 ||| INVOKING Spit Poison.
  3695 | D:5      | Found Teod's Book Shoppe.
  3842 | D:5      | 3842 ||| INVOKING Spit Poison.
  3847 | D:5      | 3847 ||| INVOKING Spit Poison.
  3853 | D:5      | 3853 ||| INVOKING Spit Poison.
  3857 | D:5      | 3857 ||| INVOKING Spit Poison.
  4047 | D:5      | 4047 ||| INVOKING Spit Poison.
  4050 | D:5      | Reached skill level 8 in Ranged Weapons
  4052 | D:5      | 4052 ||| Stepping ~*~*~tactically~*~*~ (outnumbered).
  4053 | D:5      | 4053 ||| INVOKING Spit Poison.
  4056 | D:5      | 4056 ||| INVOKING Spit Poison.
  4060 | D:5      | 4060 ||| DROPPING +3 ring mail of Alusm {Harm Drain
                  | Stlth+}.
  4062 | D:5      | 4062 ||| UPGRADING to +1 leather armour of cold resistance.
  4064 | D:5      | HP: 16/64 [gnoll sergeant/+0 heavy spear (14)]
  4065 | D:5      | 4065 ||| READING scroll of teleportation.
  4066 | D:5      | 4066 ||| UPGRADING to +1 leather armour of cold resistance.
  4067 | D:5      | 4067 ||| UPGRADING to +1 leather armour of cold resistance.
  4067 | D:5      | Slain by a gnoll sergeant

Levels and vault maps discovered:
D:1:      dpeg_arrival_ternary, layout_loops_cross
D:2:      layout_basic, basic_ecumenical_altar
D:3:      minmay_bubble_buster, layout_basic, mainiacjoe_overflow_catwalk,
          lemuel_coloured_pillars_altar
D:4:      layout_basic, general_overflow_altar, serial_shops, shop,
          uniq_eustachio
D:5:      layout_loops_ring, serial_shops, shop, nicolae_shop_statue_plus, shop,
          st_stairs_14, minmay_misc_feat_doors, nicolae_underground_beach

Skill      XL: |  1  2  3  4  5  6  7 |
---------------+----------------------+-----
Ranged Weapons | 4 5 6 8 |  8.0
Fighting       | 3 4 |  4.2
Dodging        | |  1.8
Stealth        | |  1.5

Action                     |  1- 3 |  4- 6 |  7- 9 || total
---------------------------+-------+-------+-------++-------
   Fire: Shortbow          |    68 |    81 |     5 ||   154
         Longbow           |       |       |    24 ||    24
         Arbalest          |       |       |     4 ||     4
Ability: Spit Poison       |    31 |    28 |    11 ||    70
    Use: Scroll            |     7 |     2 |     2 ||    11
         Potion            |     1 |     1 |     3 ||     5
 Armour: Leather armour    |    24 |    22 |     8 ||    54
  Dodge: Dodged            |    20 |    21 |    11 ||    52

Table legend:
 A = Non-vault XP
 B = Vault XP
 C = Vault XP percentage of total XP
 D = Non-vault monster count
 E = Vault monster count
 F = Vault count percentage of total count
                 A         B        C        D         E       F
            +---------+---------+-------+---------+---------+-------
      Total |     928 |     263 |  22.1 |      77 |      13 |  14.4
            +---------+---------+-------+---------+---------+-------
        D:1 |      31 |       0 |   0.0 |      22 |       0 |   0.0
        D:2 |      21 |       0 |   0.0 |      10 |       0 |   0.0
        D:3 |      82 |      26 |  24.1 |      21 |      11 |  34.4
        D:4 |     315 |     202 |  39.1 |      14 |       1 |   6.7
        D:5 |     479 |      35 |   6.8 |      10 |       1 |   9.1
            +---------+---------+-------+---------+---------+-------
